[Event "*** Titled Tuesday Blitz"]
[Site "Chess.com"]
[Date "2019.01.01"]
[Round "2"]
[White "VladDobrov"]
[Black "Blackmind96"]
[Result "0-1"]
[WhiteElo "2833"]
[BlackElo "2627"]
[TimeControl "180+2"]
[EndTime "13:23:46 PST"]
[Termination "Blackmind96 won by resignation"]

1. d4 Nf6 2. c4 e6 3. Nf3 b6 4. Nc3 Bb4 5. Qc2 Bb7 6. a3 Bxc3+ 7. Qxc3 O-O 8. e3 d6 9. Be2 Ne4 10. Qc2 Nd7 11. O-O f5 12. b4 Rf6 13. d5 Rh6 14. g3 exd5 15. cxd5 Bxd5 16. Bb2 Ng5 17. Nxg5 Qxg5 18. Bc4 f4 19. Qe4 Bxc4 20. Qxc4+ d5 21. Qxc7 fxg3 22. Qxd7 gxh2+ 23. Kh1 Rd8 24. Qc7 Rg6 25.
Qg3 Qh5 26. Qf4 Rg4 27. Qe5 Rg5 28. Qe6+ Kh8 29. f4 Rg6 30. Qe7 Rg8 31. Rf2 Qg4 32. Qg5 Rxg5 33. fxg5 Qe4+ 34. Kxh2 Qxe3 35. Raf1 Qxg5 36. Rg2 Qh5+ 37. Kg1 h6 38. Rh2 Qg4+ 39. Rg2 Qe4 40. Rf7 Qe1+ 41. Kh2 Qh4+ 42. Kg1 d4 43. Rd7 Qe1+ 44. Kh2 Qe5+ 45. Kg1 Qe1+ 46. Kh2 Re8 47. Rxd4 Qe5+ 48. Kg1 Qe1+ 49. Kh2 Qe5+ 50. Kg1 Rf8 51. Rdg4 Qe1+ 52. Kh2 Rf7 53. Rxg7 Rxg7 54. Rxg7 Qh4+ 55. Kg1 Qe1+ 56. Kh2 Qh4+ 57. Kg1 Qe1+ 58.
Kh2 Qh4+ 59. Kg2 Qe4+ 60. Kg3 Qb1 61. Bf6 Qg1+ 62. Kh3 Qxg7 63. Bxg7+ Kxg7 64. Kg4 Kf6 0-1

[Event "*** Titled Tuesday Blitz"]
[Site "Chess.com"]
[Date "2019.01.01"]
[Round "2"]
[White "TheBigBoss04"]
[Black "c63_amg"]
[Result "1/2-1/2"]
[WhiteElo "2523"]
[BlackElo "2690"]
[TimeControl "180+2"]
[EndTime "13:23:48 PST"]
[Termination "Game drawn by agreement"]

1. d4 Nf6 2. c4 e6 3. Nc3 Bb4 4. Qc2 O-O 5. a3 Bxc3+ 6. Qxc3 b5 7. cxb5 c6 8. g3 Bb7 9. Bg2 Qb6 10. Nf3 cxb5 11. O-O Nc6 12. Bf4 Rac8 13. Qd3 Na5 14. Rac1 Be4 15. Qd1 h6 16. h4 Nc4 17. Qb3 Bd5 18. Qd1 Nxb2 19. Qd2 Nc4 20. Qd3 Qa5 21. Ne5 Qxa3 22. Rc3 Nxe5 23. Rxa3 Nxd3 24. exd3 Bxg2 25. Kxg2 Ra8 26. Rfa1 Nd5 27. Bd6 Rfc8 28. Rxa7 Rxa7 29. Rxa7 Rc6 30. Rxd7 Rb6 31.
Bc5 Rb8 32. Bd6 Rb6 33. Bc5 Rb8 34. Bd6 Ra8 35. Rb7 Ra4 36. Bc5 b4 37. h5 Ra3 38.
Rb8+ Kh7 39. Bxb4 Rb3 40. Bd6 Rxb8 41. Bxb8 Nb4 42. Kf3 Nxd3 43. Ke3 Nb4 44. Ke4 Nd5 45. Be5 f6 46. Bd6 Kg8 47. f4 Kf7 48. g4 Nc3+ 49.
Kd3 Nb5 50. Bc5 f5 51. g5 Nc7 52. Bd6 Nd5 53. Be5 Nb4+ 54. Kc4 Nc6 55. Kc5 Nxe5 56. dxe5 hxg5 57. fxg5 Ke7 58. Kc4 Kf7 59. Kd4 Kg8 60.
Ke3 Kh7 61. Kf4 Kg8 62. Kf3 Kf7 63. Kf4 Ke7 64. Ke3 Kf7 65. Kd4 Kg8 66. Kc4 g6 67. h6 Kh7 68. Kd4 Kg8 69. Ke3 Kh7 70. Kf4 Kg8 71. Kf3 Kh7 1/2-1/2

[Event "*** Titled Tuesday Blitz"]
[Site "Chess.com"]
[Date "2019.01.01"]
[Round "2"]
[White "Saitama_Hero"]
[Black "Boundless_Strike"]
[Result "0-1"]
[WhiteElo "2401"]
[BlackElo "2470"]
[TimeControl "180+2"]
[EndTime "13:23:48 PST"]
[Termination "Boundless_Strike won by resignation"]

1. d4 Nf6 2. Bg5 Ne4 3. Bf4 g6 4. f3 Nf6 5. e4 Bg7 6. c4 O-O 7. Nc3 c6 8. Qd2 d5 9. cxd5 cxd5 10. e5 Nfd7 11. Nxd5 Nc6 12. Bc4 e6 13. Bg5 f6 14.
exf6 Nxf6 15. Nxf6+ Bxf6 16. Bxf6 Qxf6 17. Ne2 Qh4+ 18.
g3 Qf6 19. O-O Kg7 20. Rad1 Bd7 21. Nf4 Rad8 22. d5 Ne5 23. Qc3 Nxc4 24. Qxc4 e5 25. Ne2 Bh3 26. Rf2 Rc8 27. Qb3 Kh8 28. Nc3 Bf5 29. Qxb7 a5 30. d6 a4 31. Qe7 Qxe7 32.
dxe7 Rfe8 33. Nxa4 Bc2 34. Rxc2 Rxc2 35. Rd8 Rc8 36.
Rxc8 Rxc8 37. Nb6 Re8 38. Nd5 Kg7 39. Kf2 Kf7 40. Ke3 Rb8 41. b4 Ra8 42. Nc7 Ra3+ 43. Ke4 Kxe7 44. Kxe5 Rxa2 45. Nd5+ Kd7 46. h4 Ra3 47. Kf4 Ke6 48. Nc7+ Kf6 49. Nd5+ Ke6 50. Nc7+ Kd7 51. Nb5 Rb3 52. Nd4 Rxb4 53. Ke3 Kd6 54. Ne2 Ke5 55. Nf4 Rb3+ 56. Nd3+ Kd5 57. Ke2 Kd4 58.
Nf4 Rb2+ 59. Kd1 Ke3 60. Kc1 Rh2 61. Ne6 Kxf3 62. Nf8 Kxg3 63. Nxh7 Rxh4 64. Nf8 g5 65. Ng6 Rd4 0-1

[Event "*** Titled Tuesday Blitz"]
[Site "Chess.com"]
[Date "2019.01.01"]
[Round "2"]
[White "Kostya_Nikologorskiy"]
[Black "vpsetter"]
[Result "1-0"]
[WhiteElo "2367"]
[BlackElo "2568"]
[TimeControl "180+2"]
[EndTime "13:23:49 PST"]
[Termination "Kostya_Nikologorskiy won on time"]

1. d4 Nf6 2. c4 e6 3. g3 Bb4+ 4.
Bd2 Be7 5. Bg2 d5 6. Qc2 O-O 7. Nf3 c6 8. O-O Nbd7 9. b3 b6 10. Nc3 Ba6 11. e4 dxc4 12. bxc4 Bxc4 13. Rfe1 Rc8 14.
Rad1 b5 15. e5 Nd5 16. Ne4 c5 17. Bg5 cxd4 18. Bxe7 Qxe7 19. Rxd4 Bf1 20. Qd2 Bxg2 21. Kxg2 a6 22. Nd6 Rc6 23. Nf5 exf5 24. Rxd5 Rc7 25. Qa5 Nc5 26. Qb6 g6 27. Qd6 Rfc8 28. Red1 Kf8 29. Qf6 Qxf6 30. exf6 Ne6 31. Ng5 h6 32. Nf3 g5 33. Rd6 Rc6 34. Ne5 Rxd6 35. Rxd6 a5 36. Ra6 Kg8 37. Rxa5 b4 38. Ra7 Rf8 39. Nc6 Kh7 40. Ne7 f4 41. Rb7 fxg3 42. hxg3 Ra8 43. Nd5 Kg6 44. Nxb4 Kxf6 45. Nd5+ Kg6 46. Rb2 Ra5 47.
Ne3 f5 48. Rb6 Kf6 49. Rb2 h5 50. Nc4 Ra4 51. Nb6 Ra6 52. Nd7+ Ke7 53. Ne5 Kf6 54. Nd7+ Ke7 55. Nb8 Ra3 56. Nc6+ Kf6 57. Rb6 Rd3 58. a4 f4 59. a5 f3+ 60. Kh2 Rd2 61. a6 Rxf2+ 62.
Kg1 Rg2+ 63. Kf1 1-0

[Event "*** Titled Tuesday Blitz"]
[Site "Chess.com"]
[Date "2019.01.01"]
[Round "2"]
[White "akhairat"]
[Black "yobdc"]
[Result "1-0"]
[WhiteElo "2256"]
[BlackElo "2123"]
[TimeControl "180+2"]
[EndTime "13:23:50 PST"]
[Termination "akhairat won by checkmate"]

1. Nf3 Nf6 2. b3 g6 3. Bb2 Bg7 4. c4 d6 5. d4 O-O 6. g3 e5 7. dxe5 Ng4 8. Nc3 Nxe5 9. Bg2 Nbc6 10. O-O Bg4 11. h3 Bd7 12. Nxe5 Nxe5 13. Re1 Qc8 14. Kh2 h5 15. f4 Nc6 16. Na4 Re8 17. e4 Qd8 18.
Bxg7 Kxg7 19. Qd2 Be6 20. Rad1 Qf6 21. Nc3 Rad8 22. Nd5 Bxd5 23. cxd5 Nb8 24. Qe3 c5 25. e5 Qe7 26. Qc3 Nd7 27. Re3 dxe5 28. d6 Qf6 29. Bxb7 exf4 30. Qxf6+ Nxf6 31. Rxe8 fxg3+ 32. Kxg3 Nxe8 33. d7 Nf6 34. Bc6 g5 35. Rd6 a5 36.
Kf3 g4+ 37. hxg4 Nxg4 38. Kf4 f6 39. Kf5 Ne5 40. Ke6 Ng6 41. Bf3 h4 42. Be4 Ne5 43.
Ke7 Rxd7+ 44. Rxd7 Nxd7 45. Kxd7 Kh6 46. Ke6 Kg5 47.
Bf5 a4 48. Bh3 a3 49. Bf5 Kf4 50. Kxf6 Ke3 51. Ke5 Kd2 52. Kd5 Kc3 53. Kxc5 Kb2 54. b4 Kxa2 55. b5 Kb2 56. b6 a2 57. b7 a1=Q 58. b8=Q+ Kc1 59. Qf4+ Kb2 60. Qd4+ Ka2 61. Be6+ Kb1 62. Qg1+ Kb2 63. Qf2+ Kb1 64. Qe1+ Kb2 65. Qd2+ Kb1 66. Bf5# 1-0

[Event "*** Titled Tuesday Blitz"]
[Site "Chess.com"]
[Date "2019.01.01"]
[Round "2"]
[White "m3alam"]
[Black "andrzej"]
[Result "0-1"]
[WhiteElo "2137"]
[BlackElo "2279"]
[TimeControl "180+2"]
[EndTime "13:23:56 PST"]
[Termination "andrzej won by resignation"]

1. d4 Nf6 2. Nf3 b6 3. g3 Bb7 4. Bg2 e6 5. O-O c5 6. c4 cxd4 7. Qxd4 Nc6 8. Qd2 Rc8 9. b3 Be7 10. Bb2 O-O 11. Nc3 d6 12. Rad1 a6 13. Ba3 d5 14.
cxd5 Bxa3 15. dxc6 Qxd2 16. Nxd2 Bxc6 17. Bxc6 Rxc6 18.
Nc4 Bb4 19. Na4 b5 20. Ne5 Rc2 21. Nb6 Rxe2 22. Ned7 Nxd7 23. Nxd7 Rc8 24. a4 bxa4 25. bxa4 Ra2 26. Rd4 Be7 27. Rb1 h5 28. Rb7 Rcc2 29.
Rf4 g5 30. Nf6+ Kg7 31. Nxh5+ Kg6 32. Rf3 Rxf2 33. Rc3 Kxh5 34. Rxe7 Rg2+ 35. Kf1 Rxh2 36. Kg1 Rag2+ 37. Kf1 Rf2+ 38. Kg1 Rfg2+ 39. Kf1 Ra2 40. Kg1 Rhb2 41. Rxf7 Rb1+ 42. Rf1 Rxf1+ 43. Kxf1 Rxa4 44. Rc6 Kg4 45. Rxe6 Kxg3 46. Re3+ Kf4 47. Re7 Ra2 48.
Rf7+ Kg3 49. Rc7 a5 50. Rc3+ Kh4 51. Rc4+ g4 52. Kg1 Kh3 53. Rc8 Ra1+ 54. Kf2 g3+ 55. Kf3 Rf1+ 56. Ke2 Rf2+ 57. Ke3 Kg2 58. Ra8 Ra2 59. Rh8 Kg1 60. Kf3 g2 61. Rc8 Ra3+ 62. Ke2 Kh2 0-1

[Event "*** Titled Tuesday Blitz"]
[Site "Chess.com"]
[Date "2019.01.01"]
[Round "2"]
[White "Shant_Sargsyan"]
[Black "TrimitziosP7"]
[Result "1-0"]
[WhiteElo "2973"]
[BlackElo "2602"]
[TimeControl "180+2"]
[EndTime "13:23:57 PST"]
[Termination "Shant_Sargsyan won by resignation"]

1. e4 c5 2. Nf3 Nc6 3. Bb5 g6 4.
O-O Bg7 5. Re1 Nf6 6. c3 O-O 7. d4 d5 8. e5 Ne4 9. h3 cxd4 10. cxd4 Qb6 11. Bf1 Be6 12. Nc3 Nxc3 13. bxc3 Rac8 14. Ba3 Rfe8 15. Qb3 Qc7 16. Qa4 h6 17. Rab1 Na5 18. Bb4 Nc6 19. Bb5 Bd7 20. Bc5 a6 21. Bxc6 Bxc6 22.
Qb4 e6 23. a4 Qd7 24. a5 Bf8 25. Bxf8 Rxf8 26. Nd2 Bb5 27. Re3 Rc6 28. Rf3 Rfc8 29.
g4 Qc7 30. Rc1 Bc4 31. Kg2 Kg7 32. h4 Be2 33. Rg3 b6 34. Nb3 Bc4 35. g5 h5 36. Ra1 Bxb3 37. Qxb3 b5 38. Ra3 Rc4 39. Qd1 Qe7 40. Qa1 R8c6 41. Rf3 Qc7 42. Qb2 Qb7 43.
Qd2 Qe7 44. Ra1 Qc7 45. Ra3 Ra4 46. Rxa4 bxa4 47. Qf4 Qe7 48. Qc1 a3 49. Qc2 Qc7 50. Qa2 Qxa5 51. c4 Rxc4 52. Rxa3 Qb6 53. Rd3 Rxd4 54.
Rf3 Rg4+ 55. Kh3 Qd4 56. Qxa6 Rxh4+ 57. Kg2 Qg4+ 58. Rg3 Qe4+ 59. f3 Qe2+ 60. Qxe2 Rf4 61. Qd2 Rf5 62. f4 Rxf4 63. Qxf4 1-0

[Event "*** Titled Tuesday Blitz"]
[Site "Chess.com"]
[Date "2019.01.01"]
[Round "2"]
[White "MITerryble"]
[Black "BlackBoarder"]
[Result "1-0"]
[WhiteElo "2825"]
[BlackElo "2561"]
[TimeControl "180+2"]
[EndTime "13:23:57 PST"]
[Termination "MITerryble won by resignation"]

1. e4 e6 2. d4 d5 3. exd5 exd5 4.
Nf3 Nf6 5. Bd3 c5 6. O-O c4 7. Be2 Bd6 8. b3 cxb3 9. axb3 O-O 10. Bg5 h6 11. Bh4 Nc6 12. c4 Bg4 13. Nc3 dxc4 14. bxc4 Bxf3 15. Bxf3 Nxd4 16. Bxb7 Rb8 17. Bd5 Nxd5 18. Bxd8 Nxc3 19. Qh5 Rbxd8 20. Rxa7 Nce2+ 21.
Kh1 Nf4 22. Qg4 Nde6 23. g3 Nd3 24. Ra2 Bc5 25. Re2 Rd4 26. Qf3 Rfd8 27. Rc2 R4d7 28. h4 Ne5 29. Qe4 Nd3 30. Re2 Rd4 31. Qf5 R4d6 32. h5 Nb4 33. Rxe6 Rxe6 34. Qxc5 Nd3 35. Qc7 Rde8 36. Qd7 Ne5 37. Qd5 Rc8 38. c5 Ng4 39.
Qf5 Nf6 40. Rc1 Rec6 41. Kg2 R8c7 42. g4 Re7 43. Rc4 Ree6 44. Qd3 Re8 45. Qf5 Ree6 46. g5 hxg5 47. Qxg5 Kh7 48. Qf5+ Kh6 49. Qf4+ Kh7 50. Qg5 Rc8 51. Rd4 Rce8 52. Qf5+ Kh6 53. Rd6 Rxd6 54. cxd6 Rd8 55. Qe5 Rd7 56. Kf3 Kh7 57. Ke2 Kh6 58. Kd3 Nxh5 59. Kc4 Nf6 60. Kb5 Kg6 61. Kc6 Rd8 62.
Qg3+ Kh6 63. Qe3+ Kg6 64. Qd3+ Kh6 65. Qh3+ Kg6 66. Kc7 Ra8 67. Qg2+ Kh6 68. Qxa8 1-0

[Event "*** Titled Tuesday Blitz"]
[Site "Chess.com"]
[Date "2019.01.01"]
[Round "2"]
[White "severomorskij"]
[Black "MatthewG-p4p"]
[Result "1/2-1/2"]
[WhiteElo "2762"]
[BlackElo "2654"]
[TimeControl "180+2"]
[EndTime "13:23:58 PST"]
[Termination "Game drawn - insufficient material"]

1. d4 Nf6 2. c4 c5 3. d5 e6 4. Nc3 exd5 5. cxd5 d6 6. e4 g6 7. f4 Bg7 8. Bb5+ Nfd7 9. a4 O-O 10. Nf3 Na6 11. O-O Nb4 12. Re1 Re8 13. h3 a6 14.
Bf1 Nf6 15. Bc4 Nd7 16. Be3 Rb8 17. Bf2 Nb6 18. Bf1 f5 19. Bh4 Bf6 20. Bxf6 Qxf6 21. e5 Qf7 22. a5 Na8 23. Ng5 Qf8 24. exd6 Bd7 25. Qd2 Qxd6 26. Nf3 Nc7 27. Ne5 Bb5 28. Rad1 Rbd8 29. Nc4 Bxc4 30. Bxc4 Kf8 31. Qf2 Rxe1+ 32. Rxe1 Re8 33. Rxe8+ Nxe8 34. Na4 Nxd5 35. Qd2 Nef6 36.
Nc3 Qxf4 37. Qd3 Qe3+ 38. Qxe3 Nxe3 39. Bb3 Ke7 40. Kf2 f4 41. g3 Nf5 42. gxf4 Nd4 43.
Nd5+ Nxd5 44. Bxd5 Nc6 45. Bxc6 bxc6 46. Ke3 Ke6 47.
Ke4 h6 48. b3 Kf6 49. Kd3 Ke6 50.
Kc4 Kd6 51. h4 h5 52. Kc3 Ke6 53. Kc4 Kf5 54. Kxc5 Kxf4 55. Kb6 g5 56. hxg5 Kxg5 57. Kxa6 h4 58. Kb6 h3 59. a6 h2 60. a7 h1=Q 61. a8=Q Qd5 62. Qa5 Kf4 63. Qxd5 cxd5 64. Kc5 Ke4 65. b4 d4 66. b5 d3 67. b6 d2 68. b7 d1=Q 69. b8=Q Qd5+ 70. Kb6 Qd4+ 71. Kb7 Qb4+ 72. Kc8 Qe7 73. Qb7+ Qxb7+ 74. Kxb7 1/2-1/2

[Event "*** Titled Tuesday Blitz"]
[Site "Chess.com"]
[Date "2019.01.01"]
[Round "2"]
[White "GulamaliRises"]
[Black "Rainmond"]
[Result "1/2-1/2"]
[WhiteElo "2647"]
[BlackElo "2789"]
[TimeControl "180+2"]
[EndTime "13:24:03 PST"]
[Termination "Game drawn by repetition"]

1. e4 c5 2. d4 cxd4 3. c3 Nf6 4. e5 Nd5 5. Qxd4 e6 6. Nf3 Nc6 7.
Qe4 f5 8. Qe2 b5 9. g3 Rb8 10. Bg2 Be7 11. O-O O-O 12. Nbd2 a5 13. Nb3 b4 14. c4 Ba6 15. Nbd2 g5 16. Qd3 g4 17. Nd4 Nxe5 18. Qc2 Nf6 19. Re1 Qc7 20. b3 Ng6 21. Bb2 Bc5 22. Rad1 Qb6 23. Nf1 Rbe8 24. Qd2 Bb7 25. Bxb7 Qxb7 26. Nb5 Re7 27. Nd6 Qc6 28. Bxf6 Rxf6 29. Qd3 Qb6 30. Rd2 Qc6 31. Nb5 Nh8 32. Ne3 Nf7 33. Nd4 Qb7 34. Ng2 Ng5 35. Nh4 Ne4 36. Rde2 Ref7 37. h3 h5 38. Kh2 Qb6 39.
Rd1 Nc3 40. Red2 Nxd1 41. Rxd1 Bxd4 42. Qxd4 Qxd4 43. Rxd4 f4 44. hxg4 fxg3+ 45. Kxg3 hxg4 46. Rxg4+ Kh7 47. f4 Rg7 48. Nf3 Rxg4+ 49. Kxg4 Rf5 50. Ne5 d6 51. Nc6 Kg6 52. Ne7+ Kf6 53. Nxf5 exf5+ 54. Kf3 Ke6 55. Ke3 Kd7 56. Kd3 Kc7 57. Ke3 Kb6 58. Kd3 Kc5 59. Ke3 d5 60. cxd5 Kxd5 61. Kd3 Kc5 62. Ke3 a4 63. Kd3 axb3 64. axb3 Kd5 65.
Ke3 Kc5 66. Kd3 Kd5 67. Ke3 Kc5 68. Kd3 Kd5 69. Ke3 Kc5 70. Kd3 Kd5 71. Ke3 Kc5 72. Kd3 1/2-1/2

[Event "*** Titled Tuesday Blitz"]
[Site "Chess.com"]
[Date "2019.01.01"]
[Round "2"]
[White "joppie2"]
[Black "IamSchrodingersCat"]
[Result "0-1"]
[WhiteElo "2737"]
[BlackElo "2467"]
[TimeControl "180+2"]
[EndTime "13:24:08 PST"]
[Termination "IamSchrodingersCat won by resignation"]

1. c4 g6 2. d4 Bg7 3. Nc3 d6 4.
e4 Nd7 5. Be2 e5 6. d5 Ngf6 7.
Be3 O-O 8. g4 Nc5 9. f3 a5 10.
h4 h5 11. g5 Nfd7 12. Nh3 Qe7 13. Qd2 Rd8 14. O-O-O a4 15. Kb1 Nb6 16. Nf2 Bd7 17. Nb5 Bxb5 18. cxb5 Nbd7 19. Rc1 Kh7 20. Rc2 b6 21.
Rhc1 Rf8 22. Rg1 Ra7 23. Bf1 f5 24. gxf6 Bxf6 25. Nh3 Bxh4 26. Qd1 Raa8 27. Rh2 Rf7 28. Bg5 Bxg5 29. Nxg5+ Kg7 30. Nxf7 Kxf7 31. Bh3 Qf6 32.
Qd2 Ke7 33. Qh6 Rg8 34. Rhg2 Nf8 35. Bf5 Rh8 36. Qc1 gxf5 37. Rg7+ Kd8 38. b4 axb3 39.
Qa3 bxa2+ 40. Qxa2 Ke8 41. Rxc7 Nfd7 42. Qa7 fxe4 43.
fxe4 Rf8 44. Qa3 Qf4 45. Re1 Qf3 46. Qxf3 Rxf3 47. Rh1 Nxe4 48. Rxh5 Nec5 49. Rh7 Rf7 50. Rh8+ Ke7 51. Rh6 e4 52. Kc2 Rf2+ 53. Kd1 Rb2 54.
Rh7+ Kf6 55. Rc8 Ke5 56. Rd8 Kxd5 57. Rh6 Rxb5 58. Re8 Rb4 59. Kc2 Rd4 60. Kc3 Rd3+ 61. Kc2 Kc4 62. Re7 d5 63. Rh1 b5 64. Re8 b4 65. Ra8 b3+ 66. Kb1 Nb6 67. Rb8 Nba4 68. Rc1+ Rc3 69. Rh1 Rc2 70. Ka1 Ra2+ 0-1

[Event "*** Titled Tuesday Blitz"]
[Site "Chess.com"]
[Date "2019.01.01"]
[Round "2"]
[White "j2806"]
[Black "tgpgoat"]
[Result "0-1"]
[WhiteElo "1743"]
[BlackElo "1988"]
[TimeControl "180+2"]
[EndTime "13:24:08 PST"]
[Termination "tgpgoat won by resignation"]

1. e4 e5 2. Nf3 Nc6 3. Bb5 Nf6 4. d3 Bc5 5. O-O d6 6. c3 a6 7. Ba4 O-O 8. h3 h6 9. Nbd2 Ba7 10. Re1 b5 11. Bb3 Ne7 12. Nf1 Ng6 13. Ng3 Be6 14. Bc2 Nf4 15. d4 Ng6 16. dxe5 dxe5 17. Be3 Bxe3 18. Rxe3 c5 19. Rd3 Qc7 20. Qe1 Nf4 21. Rd2 Rfd8 22. a3 Rxd2 23. Qxd2 Rd8 24. Qe1 Nd3 25.
Bxd3 Rxd3 26. Rd1 c4 27. Qe2 Qd6 28. Rxd3 cxd3 29. Qd2 Nd7 30. Ne1 Nc5 31. b4 Na4 32.
Qxd3 Qxd3 33. Nxd3 Nxc3 34. Nc5 Bc8 35. Nf1 Nb1 36.
Ne3 Nxa3 37. Nd5 Kf8 38. Nc7 Nc2 39. N7xa6 Bxa6 40. Nxa6 Ke7 41. Kf1 Kd6 42. Ke2 Nd4+ 43. Kd2 Kc6 44. Nc5 Kb6 45. Nd7+ Kc7 46. Nxe5 Kd6 47.
Nxf7+ Ke6 48. Nd8+ Kd7 49. Nb7 Ke6 50. Nc5+ Ke5 51.
f3 Nc6 52. Kc3 Kf4 53. Nd3+ Kg3 54. e5 Kxg2 55. f4 Kxh3 56. e6 Kg3 57. Ne5 Ne7 58.
Kd4 Kxf4 59. Nd3+ Kf5 60. Nc5 h5 61. Ke3 g5 62. Kf3 g4+ 63. Kg3 Ke5 64. Kh4 Kd6 65. Kxh5 g3 66. Ne4+ Kxe6 67. Nxg3 Kd5 68. Ne2 Kc4 69.
Kg4 Kxb4 70. Kf4 Nd5+ 71. Ke4 Nc3+ 72. Kd3 Nxe2 73. Kxe2 Kc3 74. Kd1 b4 75. Kc1 b3 76.
Kb1 b2 0-1

[Event "*** Titled Tuesday Blitz"]
[Site "Chess.com"]
[Date "2019.01.01"]
[Round "2"]
[White "Jospem"]
[Black "MehdiHosseinipour"]
[Result "1/2-1/2"]
[WhiteElo "2784"]
[BlackElo "2558"]
[TimeControl "180+2"]
[EndTime "13:24:17 PST"]
[Termination "Game drawn by agreement"]

1. e4 c5 2. Nf3 d6 3. d4 cxd4 4.
Nxd4 Nf6 5. Nc3 Nc6 6. Bg5 e6 7. Qd2 a6 8. O-O-O Bd7 9. f3 b5 10. Nxc6 Bxc6 11. Kb1 Qb6 12. Be3 Qc7 13. g4 Be7 14. g5 Nd7 15. h4 b4 16. Ne2 d5 17.
Bf4 Qb7 18. e5 Bb5 19. Nd4 Bxf1 20. Rdxf1 Nb6 21. b3 O-O-O 22. h5 g6 23. Be3 Nd7 24. Bf4 Kb8 25. Bg3 Rc8 26. Rd1 Qb6 27. Qf4 Rhf8 28.
hxg6 hxg6 29. Rh7 Bc5 30. Qd2 Qc7 31. Qe2 Qb6 32. Bf2 Rc7 33. Rh4 Kb7 34. Rf4 Nb8 35. Rd2 Rfc8 36. Rd3 a5 37. Rd2 Rd7 38. Rg4 Qa6 39. Qd1 Qb6 40. Rg2 Rdc7 41. Bg1 Nd7 42. f4 Nb8 43. Rge2 Nc6 44. Nxc6 Rxc6 45. Bxc5 Qxc5 46.
Qh1 R8c7 47. Qh2 Qb5 48. Qf2 Rc3 49. Re1 Qc5 50. Qe2 Kb6 51. Rh1 Qb5 52. Qf2+ Qc5 53. Qe2 Qb5 54. Qf2+ Qc5 55. Qe2 Re3 56. Qf2 Re4 57.
Qh2 Qe3 58. Rf1 Ra7 59. Rd3 Qc5 60. Qh8 Qc7 61. Rc1 Kb7 62. Qe8 Ra8 63. Qb5+ Qb6 64. Qd7+ Qc7 65. Qb5+ Qb6 66. Qd7+ Qc7 67. Qxc7+ Kxc7 68. c3 Kb7 69. cxb4 axb4 70. Rd2 Rc8 71. Rf1 Rc3 72.
Rdf2 Rg3 73. Kb2 Rge3 74. Rc2 Re2 75. Rf2 Rxc2+ 76. Kxc2 Kc6 77. Kd3 Kc5 78. Rc2+ Kb6 79. Rf2 Kc5 80. Rc2+ Kb6 81. Rf2 1/2-1/2

[Event "*** Titled Tuesday Blitz"]
[Site "Chess.com"]
[Date "2019.01.01"]
[Round "2"]
[White "BillCoe"]
[Black "Andrew-FB00"]
[Result "1-0"]
[WhiteElo "2003"]
[BlackElo "1804"]
[TimeControl "180+2"]
[EndTime "13:24:18 PST"]
[Termination "BillCoe won by resignation"]

1. e4 e5 2. Nf3 Nc6 3. Bb5 a6 4. Ba4 Nf6 5. O-O b5 6. Bb3 Bc5 7. d3 h6 8. h3 d6 9. Nbd2 Bb7 10. Re1 Qd7 11. Nf1 O-O 12. Ng3 Ne7 13. Be3 Bb6 14. c3 Kh7 15. Bxb6 cxb6 16. d4 exd4 17. cxd4 Ng6 18.
Qd3 Rfe8 19. Bc2 Rac8 20. Rad1 Nf4 21. Qd2 Ng6 22. Nf5 Ne7 23. Nxe7 Qxe7 24. e5+ Kg8 25.
exf6 Qxf6 26. Rxe8+ Rxe8 27. Re1 Rd8 28. Be4 d5 29. Bc2 Bc8 30. Qe3 g5 31. Qe5 Kg7 32. Qxf6+ Kxf6 33. Re5 Be6 34. Bb3 a5 35. a4 bxa4 36.
Bxa4 Rc8 37. Kh2 Rc1 38. g4 Rb1 39. b3 b5 40. Bxb5 Rxb3 41. Be2 a4 42. Bd1 Rd3 43. Re1 a3 44. Ne5 Rc3 45. Bf3 a2 46. Ra1 Ra3 47.
Kg2 Ra4 48. Nc6 Ra6 49. Nb4 Ra4 50. Nd3 Rxd4 51. Nc1 Ra4 52. Rxa2 Rxa2 53. Nxa2 d4 54. Nb4 Bc4 55. Be4 d3 56. Bxd3 Bxd3 57. Nxd3 Kg6 58.
Ne5+ Kf6 59. Nc6 Kg6 60. Kf3 h5 61. Ne7+ Kf6 62. Nf5 hxg4+ 63. hxg4 Ke5 64. Ke3 f6 65. f3 Kd5 66. Ne7+ Ke5 67. Ng6+ Kd5 68. Kd3 Ke6 69. Ke4 Kf7 70. Kf5 Kg7 71. Ne7 Kf7 72. Nd5 Kg7 73. Nxf6 1-0

[Event "*** Titled Tuesday Blitz"]
[Site "Chess.com"]
[Date "2019.01.01"]
[Round "2"]
[White "Karina_Oparina"]
[Black "salomez"]
[Result "0-1"]
[WhiteElo "2057"]
[BlackElo "2139"]
[TimeControl "180+2"]
[EndTime "13:24:19 PST"]
[Termination "salomez won on time"]

1. Nf3 Nf6 2. g3 g6 3. Bg2 Bg7 4. O-O O-O 5. c4 d5 6. cxd5 Nxd5 7. Nc3 Nb6 8. d3 Nc6 9. Bd2 e5 10. a3 Nd4 11. b4 h6 12. Rc1 a5 13. Nxd4 exd4 14.
Nb5 c6 15. bxa5 cxb5 16. g4 Nd5 17. Rc5 Nc3 18. Bxc3 dxc3 19. Rxb5 Rxa5 20. Qb3 Bxg4 21. Rxb7 Bxe2 22. Re1 Bxd3 23. Ree7 Rf5 24. Red7 Qg5 25. Rxd3 Qf4 26. Bf3 Rg5+ 27. Bg2 Be5 28. Rg3 Qc1+ 29. Bf1 Bxg3 30. hxg3 Re5 31. Kg2 Re1 32. Bc4 Rg1+ 33. Kf3 Qd1+ 34. Qxd1 Rxd1 35. Bb3 Rd3+ 36. Ke2 Rd2+ 37. Ke1 Rb2 38. Kd1 c2+ 39. Kc1 Rb1+ 40. Kxc2 Rf1 41. f4 Rf3 42. a4 Rxg3 43. a5 Rg2+ 44. Kb1 Rd8 45. Rxf7 Kh8 46. Rc7 Re8 47.
a6 Ra8 48. Bd5 Rg1+ 49. Kc2 Rxa6 50. Kd3 Rd1+ 51. Ke4 Rd6 52. Rc8+ Kg7 53. Rg8+ Kf6 54.
Rf8+ Ke7 55. Rf7+ Ke8 56. Rh7 R6xd5 57. Rxh6 R1d4+ 58. Kf3 Rf5 0-1

[Event "*** Titled Tuesday Blitz"]
[Site "Chess.com"]
[Date "2019.01.01"]
[Round "2"]
[White "Nathan_Filgueiras"]
[Black "ChristopherYoo"]
[Result "0-1"]
[WhiteElo "2330"]
[BlackElo "2641"]
[TimeControl "180+2"]
[EndTime "13:24:22 PST"]
[Termination "ChristopherYoo won by resignation"]

1. e4 e5 2. Nf3 Nc6 3. Bc4 Bc5 4. O-O Nf6 5. d3 O-O 6. h3 h6 7. Re1 d6 8. c3 a6 9. Bb3 Ba7 10. Nbd2 Ne7 11. Nf1 Ng6 12. d4 Re8 13. Ng3 Be6 14.
Bc2 c6 15. Be3 Bb8 16. Qd2 Kh7 17. Rad1 Bc7 18. Qc1 Qc8 19. Kh2 b5 20. a3 a5 21.
dxe5 dxe5 22. Nd2 Nf4 23. Bxf4 exf4 24. e5+ g6 25. exf6 fxg3+ 26. fxg3 Qb8 27. Ne4 Bf5 28. Re2 Bxe4 29. Rxe4 Bxg3+ 30. Kh1 Rxe4 31. Bxe4 Qc7 32. Qd2 Re8 33. Bf3 Re6 34. b4 Rxf6 35. Qd7 Qe5 36. Qd4 Qxd4 37. cxd4 axb4 38. axb4 Rd6 39. d5 cxd5 40.
Rxd5 Ra6 41. Rd1 Bd6 42. Rb1 Kg7 43. Be2 Rb6 44. g4 f5 45. Kg2 Kf6 46. Kf3 fxg4+ 47. hxg4 Ke5 48. Bd3 g5 49. Bf5 Kd4 50. Rd1+ Kc3 51.
Rd5 Kxb4 52. Bd3 Bc5 53. Be2 Re6 54. Bd3 Re3+ 55. Kg2 Re7 56. Bf5 Re2+ 57. Kf3 Rf2+ 58. Kg3 Rf4 59. Rd7 Bf2+ 60. Kg2 Bc5 61. Rh7 Kc3 62. Rxh6 b4 63. Rc6 Kd4 64. Rc8 b3 65. Rb8 Kc3 66. Rb5 Ba3 67. Kg3 b2 68. Rb7 Rb4 69.
Rxb4 Bxb4 70. Kf3 Kd2 71. Kf2 Kc1 72. Ke3 Bd2+ 73. Kf3 b1=Q 0-1

[Event "*** Titled Tuesday Blitz"]
[Site "Chess.com"]
[Date "2019.01.01"]
[Round "2"]
[White "Indianlad"]
[Black "AnonymousBread"]
[Result "1-0"]
[WhiteElo "2831"]
[BlackElo "2564"]
[TimeControl "180+2"]
[EndTime "13:24:29 PST"]
[Termination "Indianlad won by resignation"]

1. Nf3 Nf6 2. c4 g6 3. b3 Bg7 4. Bb2 O-O 5. g3 d6 6. d4 c6 7.
Bg2 Nbd7 8. Nbd2 Qc7 9. O-O e5 10. c5 exd4 11. cxd6 Qxd6 12. Nc4 Qe7 13. Nxd4 Nb6 14.
Qc2 Nxc4 15. Qxc4 Rd8 16. a4 Nd5 17. Rfd1 a5 18. Rac1 Be6 19. Nxe6 Qxe6 20. Bxg7 Kxg7 21. Bxd5 cxd5 22. Qd4+ Kg8 23. e3 Rd7 24. h4 h5 25.
Rc5 Qb6 26. Rxd5 Rxd5 27. Qxd5 Rc8 28. Rd4 Rc3 29. Rd3 Rxd3 30. Qxd3 Qb4 31. e4 b6 32.
Kg2 Qc5 33. Qd5 Qe7 34. e5 Kg7 35. Qd4 Qe6 36. Qc3 Qd5+ 37. Kh2 Qe6 38. Qd4 Kh7 39. Qe3 Qc6 40. Qf4 Qe6 41. b4 axb4 42. Qxb4 Qc6 43. Qf4 Qe6 44. Qf6 Qc4 45. Qxb6 Qxa4 46. Qc7 Qa2 47. Qc5 Qe6 48. Qe3 Kg7 49. Kg2 Qd5+ 50.
Kh2 Qe6 51. Kg1 Kh7 52. Qf4 Kg7 53. Kh2 Qd5 54. Qf6+ Kg8 55. Qe7 Qa2 56. Qd8+ Kg7 57. Qd4 Qe6 58. Kg2 Kh7 59. Kf3 Qc6+ 60. Kf4 Qe6 61. Ke3 Qb3+ 62. Ke4 Qe6 63. Qd5 Qe7 64. Qc4 Qb7+ 65. Kf4 Qe7 66. f3 Kg7 67. Qd4 Kh7 68.
Qd6 Qb7 69. Qd4 Qe7 70. Qc4 Qd7 71. Ke3 Qa7+ 72. Ke4 Qb7+ 73. Kf4 Qd7 74. e6 fxe6 75. Ke5 Qc7+ 76. Qxc7+ 1-0